[Event "Early-Titled-Tuesday-Blitz-July-09-2024"]
[Site "Chess.com"]
[Date "2024.07.09"]
[Round "8"]
[White "GMMikhailKazakov"]
[Black "MrMatesM"]
[Result "0-1"]
[WhiteElo "2507"]
[BlackElo "2696"]
[TimeControl "180+1"]
[EndTime "9:29:06 PDT"]
[Termination "MrMatesM won on time"]

1. e4 c5 2. Nf3 d6 3. d4 cxd4 4.
Nxd4 Nf6 5. Nc3 Nc6 6. Be2 e5 7.
Nb3 Be7 8. O-O O-O 9. Be3 a5 10. a3 Be6 11. Bf3 a4 12. Nc1 Qa5 13. Nd5 Bxd5 14.
exd5 Nb8 15. c4 Nbd7 16. Bd2 Qa7 17. Bb4 Nc5 18. Re1 Nfd7 19. Nd3 Bd8 20. Bg4 f5 21. Bh3 Bb6 22. Nxc5 Bxc5 23. Qc2 e4 24. Bc3 Rae8 25.
Re2 Bd4 26. Bxd4 Qxd4 27. Qxa4 Nc5 28. Qd1 Nd3 29. b3 e3 30. Raa2 exf2+ 31. Kf1 Qc3 32. Rad2 Nf4 33. Rxe8 Rxe8 34. Rxf2 Nd3 35. Re2 Rxe2 36.
Kxe2 Nf4+ 37. Kf2 g6 38. Qf3 Nd3+ 39. Kg3 Qe1+ 0-1

[Event "Early-Titled-Tuesday-Blitz-July-09-2024"]
[Site "Chess.com"]
[Date "2024.07.09"]
[Round "8"]
[White "Arimin1329"]
[Black "subham777"]
[Result "0-1"]
[WhiteElo "2407"]
[BlackElo "2537"]
[TimeControl "180+1"]
[EndTime "9:29:06 PDT"]
[Termination "subham777 won by resignation"]

1. Nf3 d5 2. d4 Nf6 3. g3 e6 4.
Bg2 Be7 5. O-O O-O 6. b3 b6 7.
Bb2 Bb7 8. Nbd2 Nbd7 9. Rc1 c5 10. c4 Rc8 11. Qc2 cxd4 12. Bxd4 dxc4 13. bxc4 Bc5 14. Bc3 Qe7 15. Rfd1 e5 16. Bh3 Rcd8 17. Nb3 Ba3 18. Rb1 Be4 19. Qd2 Bxb1 20. Rxb1 Ne4 21. Qe3 Nxc3 22.
Qxc3 Bb4 23. Qc2 h6 24. Nh4 Nc5 25. Nf5 Qf6 26. e4 Nxb3 27. axb3 a5 28. Ne3 Rd2 0-1

[Event "Early-Titled-Tuesday-Blitz-July-09-2024"]
[Site "Chess.com"]
[Date "2024.07.09"]
[Round "8"]
[White "Likvidator228"]
[Black "gmpeter008"]
[Result "1-0"]
[WhiteElo "2578"]
[BlackElo "2471"]
[TimeControl "180+1"]
[EndTime "9:29:07 PDT"]
[Termination "Likvidator228 won by resignation"]

1. d4 Nf6 2. Nf3 e6 3. Bf4 b5 4.
e3 b4 5. a3 Bb7 6. axb4 Bxb4+ 7. c3 Be7 8. Nbd2 O-O 9. h3 a5 10. Bd3 c5 11. O-O Qb6 12. Nc4 Qd8 13. Bd6 cxd4 14. exd4 Nc6 15. Nfe5 Nd5 16. Bxe7 Ncxe7 17. Nd6 Bc6 18. c4 Nf6 19. f4 Qb6 20. c5 Qxb2 21.
Nxc6 Nxc6 22. Nb5 Nxd4 23. Rf2 Qb4 24. Nxd4 Qxc5 25. Nf3 d5 26. Qc2 Qa7 27. Ne5 Rfc8 28. Qd2 h6 29. Kh2 a4 30. Rff1 a3 31. Ra2 Qc5 32.
Rfa1 Rcb8 33. Qc2 Qb4 34. Rf1 g6 35. Bxg6 Ne4 36. Bxf7+ Kg7 37. Bxe6 Nc3 38. Qg6+ 1-0

[Event "Early-Titled-Tuesday-Blitz-July-09-2024"]
[Site "Chess.com"]
[Date "2024.07.09"]
[Round "8"]
[White "lildoggo2007"]
[Black "amanjazu"]
[Result "0-1"]
[WhiteElo "2419"]
[BlackElo "2588"]
[TimeControl "180+1"]
[EndTime "9:29:08 PDT"]
[Termination "amanjazu won by checkmate"]

1. Nf3 Nf6 2. g3 g6 3. b3 Bg7 4. Bb2 O-O 5. Bg2 c5 6. O-O Nc6 7. d4 cxd4 8. Nxd4 Qb6 9. e3 d6 10. c4 Rd8 11. Nc3 e5 12. Nxc6 bxc6 13. Qf3 Bd7 14.
h3 Rac8 15. Rfd1 Be6 16. Rac1 Qb8 17. Ne4 Nxe4 18. Qxe4 d5 19. cxd5 cxd5 20. Qa4 Rxc1 21. Rxc1 d4 22. exd4 exd4 23. Rd1 Qe5 24. Qb4 Bxh3 25.
Bxh3 Qh5 26. Rd2 Qxh3 27. Bxd4 Re8 28. Rd1 Qg4 29. Re1 Rxe1+ 30. Qxe1 Qxd4 31. Qe8+ Bf8 32. a4 Kg7 33. Qb5 Bc5 34. a5 Qxf2+ 35. Kh1 Qg1# 0-1

[Event "Early-Titled-Tuesday-Blitz-July-09-2024"]
[Site "Chess.com"]
[Date "2024.07.09"]
[Round "8"]
[White "IMVadim"]
[Black "GMT4114"]
[Result "1-0"]
[WhiteElo "2444"]
[BlackElo "1973"]
[TimeControl "180+1"]
[EndTime "9:29:08 PDT"]
[Termination "IMVadim won on time"]

1. e4 e6 2. d4 d5 3. e5 c5 4.
c3 Nc6 5. Nf3 Bd7 6. Be2 Nge7 7.
Na3 cxd4 8. cxd4 Nf5 9. Nc2 Qb6 10. O-O Na5 11. Ne3 Nxe3 12. fxe3 Be7 13. Bd3 Bb5 14.
Bxb5+ Qxb5 15. b3 Rc8 16. Bd2 O-O 17. Rc1 Nc6 18. Qc2 Nb4 19. Qb1 Nd3 20. Rxc8 Rxc8 21. Ne1 Nxe1 22. Rxe1 Bb4 23. Rc1 Rc6 24. Rxc6 bxc6 25.
Bxb4 Qxb4 26. Qc1 Qb5 27. Kf2 h6 28. Ke1 Qd3 29. Qd2 Qb1+ 30. Ke2 Qe4 31. Kf1 Qf5+ 32. Kg1 Qb1+ 33. Kf2 Qf5+ 34. Ke2 Qe4 35. Kf1 Qf5+ 36. Qf2 Qb1+ 37. Qe1 Qxa2 38. Qc3 Qb1+ 39. Ke2 Qe4 40. Qxc6 Qxg2+ 41. Kd3 Qe4+ 42. Kd2 Qg2+ 43. Kc3 Qf3 44. Kd2 Qf2+ 45. Kd3 Qxh2 46. Qe8+ Kh7 47. Qxf7 1-0

[Event "Early-Titled-Tuesday-Blitz-July-09-2024"]
[Site "Chess.com"]
[Date "2024.07.09"]
[Round "8"]
[White "wannabe2700"]
[Black "Puzzlebot_1294"]
[Result "0-1"]
[WhiteElo "2543"]
[BlackElo "2685"]
[TimeControl "180+1"]
[EndTime "9:29:09 PDT"]
[Termination "Puzzlebot_1294 won by resignation"]

1. e4 e5 2. Nc3 Nc6 3. Bc4 Nf6 4. Nge2 Na5 5. Bb5 c6 6. Ba4 b5 7. Bb3 Nxb3 8. axb3 Be7 9. d3 O-O 10. O-O Bb7 11.
f4 exf4 12. Nxf4 d5 13. exd5 Nxd5 14. Nfxd5 cxd5 15. d4 b4 16. Na4 Bc6 17. Bf4 Re8 18. Be5 f6 19. Bf4 Bf8 20. Qd3 Qd7 21. Qd2 Bb5 22.
Rf2 Re4 23. Nc5 Bxc5 24. dxc5 Rae8 25. Bd6 Qe6 26. h3 a6 27. Rd1 Bc6 28. Kh2 Re2 29. Qd4 Rxf2 30. Qxf2 Qe2 31. Qxe2 Rxe2 32. Ra1 Bb5 33.
c6 Bxc6 34. Rxa6 Rxc2 35. Bxb4 d4 36. Kg3 g5 37. Kg4 Kf7 38. Bd2 0-1

[Event "Early-Titled-Tuesday-Blitz-July-09-2024"]
[Site "Chess.com"]
[Date "2024.07.09"]
[Round "8"]
[White "ketster"]
[Black "GelmanAlexander"]
[Result "1-0"]
[WhiteElo "2591"]
[BlackElo "2711"]
[TimeControl "180+1"]
[EndTime "9:29:10 PDT"]
[Termination "ketster won by resignation"]

1. d4 Nf6 2. c4 c5 3. d5 b5 4. cxb5 a6 5. bxa6 e6 6. dxe6 fxe6 7. g3 Nc6 8. Bg2 d5 9. Nc3 Bd6 10. Nh3 O-O 11. Bf4 Be7 12. O-O h6 13. Bc1 Rxa6 14. Nf4 Qe8 15. b3 g5 16. Nd3 Qh5 17. e4 Qf7 18. exd5 exd5 19. Bb2 Bg4 20. Qd2 Nd4 21. Ne5 Qh5 22. Nxd5 Nxd5 23. Bxd5+ Kg7 24. Bxd4 cxd4 25. Qxd4 Be2 26. Rfe1 Bf6 27. g4 Bxg4 28. Qxg4 Qxg4+ 29. Nxg4 Bxa1 30. Rxa1 Rf4 31. Ne3 Rd4 32. Bc4 Kf6 33. Bxa6 1-0

[Event "Early-Titled-Tuesday-Blitz-July-09-2024"]
[Site "Chess.com"]
[Date "2024.07.09"]
[Round "8"]
[White "Seochesspie"]
[Black "Prizant_academy"]
[Result "0-1"]
[WhiteElo "2892"]
[BlackElo "3035"]
[TimeControl "180+1"]
[EndTime "9:29:11 PDT"]
[Termination "Prizant_academy won by resignation"]

1. e4 c5 2. Nf3 d6 3. c3 Nf6 4. Be2 Bd7 5. Qc2 Qc7 6. O-O g6 7. d3 Bg7 8. Nbd2 O-O 9. Re1 Nc6 10. Nf1 e5 11. Qd1 h6 12. Ng3 Be6 13. h3 d5 14.
Bf1 Rad8 15. Bd2 d4 16. cxd4 cxd4 17. b4 Qb6 18. a3 Rc8 19. Rc1 Nd7 20. Qa4 a6 21.
Be2 Qb5 22. Qd1 Nb6 23. Rc5 Qa4 24. Qa1 Nd7 25. Bd1 Bb3 26. Rc1 Na7 27. Qb2 Bxd1 28. Rexd1 Nb5 29. Ra1 Rc2 30. Qb1 Rfc8 31. Ne1 R2c6 32.
Ne2 R8c7 33. Qb2 Nb6 34. Rdb1 Rc2 35. Nxc2 Rxc2 36. Qb3 Qxb3 37. Rxb3 Rxd2 38. a4 Nxa4 39. Rxa4 Rxe2 0-1

[Event "Early-Titled-Tuesday-Blitz-July-09-2024"]
[Site "Chess.com"]
[Date "2024.07.09"]
[Round "8"]
[White "Flaccidmoves"]
[Black "michaelskie11"]
[Result "1-0"]
[WhiteElo "2582"]
[BlackElo "2403"]
[TimeControl "180+1"]
[EndTime "9:29:14 PDT"]
[Termination "Flaccidmoves won on time"]

1. c4 c5 2. g3 Nc6 3. Bg2 g6 4. Nf3 Bg7 5. O-O e6 6. Nc3 Nge7 7. d4 cxd4 8. Nb5 O-O 9. Nfxd4 d5 10. cxd5 exd5 11.
Be3 a6 12. Nc3 Be6 13. Rc1 Rc8 14. Nxe6 fxe6 15. Na4 Nf5 16. Bb6 Qe8 17. Nc5 Qf7 18.
Nxe6 Rfe8 19. Nxg7 Kxg7 20. Bxd5 Qf6 21. e4 Nfd4 22.
f4 Ne6 23. e5 Qf5 24. g4 Qf8 25.
f5 Ng5 26. Bc5 Ne7 27. f6+ Kh6 28. fxe7 Qg7 29. Qd4 Rc7 30. h4 Nh3+ 31. Kh2 1-0

[Event "Early-Titled-Tuesday-Blitz-July-09-2024"]
[Site "Chess.com"]
[Date "2024.07.09"]
[Round "8"]
[White "TioCridineno"]
[Black "HypeMan111"]
[Result "1-0"]
[WhiteElo "2426"]
[BlackElo "2293"]
[TimeControl "180+1"]
[EndTime "9:29:14 PDT"]
[Termination "TioCridineno won on time"]

1. e4 c5 2. Nf3 d6 3. d4 cxd4 4.
Nxd4 Nf6 5. Nc3 a6 6. Bg5 e6 7. f4 Be7 8. Qf3 Qc7 9. O-O-O Nbd7 10. Bd3 b5 11. Rhe1 b4 12. Nd5 exd5 13. Nf5 Kf8 14. exd5 Bd8 15. Qh3 Nc5 16. g4 Nxd3+ 17. Rxd3 Bxf5 18.
gxf5 Rc8 19. Re2 h6 20. Rde3 Rg8 21. Bxh6 Qd7 22. Bg5 Bb6 23. Rd3 Re8 24. Rxe8+ Qxe8 25. b3 Ke7 26. Qf1 Kd7 27. Kb2 Qe4 28. Qd1 Rc8 29.
Qd2 Qg2 30. Qxg2 1-0

[Event "Early-Titled-Tuesday-Blitz-July-09-2024"]
[Site "Chess.com"]
[Date "2024.07.09"]
[Round "8"]
[White "Aygehovit1992"]
[Black "BogdanDeac"]
[Result "1-0"]
[WhiteElo "2787"]
[BlackElo "2989"]
[TimeControl "180+1"]
[EndTime "9:29:15 PDT"]
[Termination "Aygehovit1992 won by resignation"]

1. e4 c5 2. Nc3 e6 3. d4 cxd4 4.
Qxd4 Nc6 5. Qe3 Nf6 6. Nf3 Be7 7. e5 Ng4 8. Qf4 f5 9. h3 Nh6 10. Qg3 Kf8 11. Bxh6 gxh6 12. O-O-O Rg8 13. Qh2 a6 14. g4 Bb4 15. gxf5 Bxc3 16. bxc3 exf5 17. Qf4 Rg6 18. Nh4 Qg5 19. Nxg6+ hxg6 20. Qxg5 hxg5 21. h4 g4 22. h5 Kg7 23. hxg6 Nxe5 24. Rh7+ Kxg6 25. Rh8 Kg7 26. Re8 Nc6 27. Bc4 b5 28. Bb3 Kf6 29. Rf8+ Kg5 30. Rd5 d6 31. Rxd6 Na5 32. Bd5 Rb8 33. Rdd8 Rb6 34.
Rxc8 Rd6 35. Rc5 1-0

[Event "Early-Titled-Tuesday-Blitz-July-09-2024"]
[Site "Chess.com"]
[Date "2024.07.09"]
[Round "8"]
[White "Kobalia"]
[Black "Beca95"]
[Result "0-1"]
[WhiteElo "2823"]
[BlackElo "3002"]
[TimeControl "180+1"]
[EndTime "9:29:16 PDT"]
[Termination "Beca95 won on time"]

1. e4 e5 2. Nf3 Nc6 3. Bb5 a6 4. Ba4 Nf6 5. O-O Be7 6. Re1 b5 7. Bb3 d6 8. a4 Bg4 9. c3 O-O 10. h3 Bxf3 11. Qxf3 Na5 12. Bc2 c5 13. axb5 axb5 14.
d3 Nd7 15. Nd2 b4 16. Nb3 bxc3 17. bxc3 c4 18. Nd2 cxd3 19. Qxd3 Qc7 20. Nf1 Nc5 21. Qd5 Nc6 22. Be3 Rxa1 23. Rxa1 Ne6 24. Ra6 Rc8 25. Ba4 Ned8 26. g3 Bf8 27. h4 h5 28. Nd2 Qb7 29. Rb6 Qa8 30. Bb3 Qa1+ 31. Kg2 Ne7 32. Qxd6 Nf5 33. Qd3 Nxe3+ 34. Qxe3 Bc5 35. Rb8 Bxe3 36.
Rxc8 Bb6 37. Nc4 Qa7 38. Nxe5 Kh7 39. Bd5 Qa6 40. Rc4 Qa2 41. Nd3 Qe2 0-1

[Event "Early-Titled-Tuesday-Blitz-July-09-2024"]
[Site "Chess.com"]
[Date "2024.07.09"]
[Round "8"]
[White "Redbandit87"]
[Black "KhamzinOlzhas"]
[Result "1-0"]
[WhiteElo "2444"]
[BlackElo "2546"]
[TimeControl "180+1"]
[EndTime "9:29:16 PDT"]
[Termination "Redbandit87 won by resignation"]

1. e4 c5 2. d4 cxd4 3. c3 dxc3 4.
Nxc3 Nc6 5. Nf3 e6 6. Bc4 Bb4 7. O-O Nge7 8. Bg5 O-O 9. Nd5 exd5 10. exd5 Na5 11. d6 Nxc4 12. Bxe7 Qxe7 13. dxe7 Bxe7 14. Qe2 Nxb2 15. Qxe7 d5 16. Rab1 Nc4 17. Rfd1 Bf5 18. Rxb7 Rae8 19. Qb4 a5 20. Qc5 Be4 21.
h3 Rc8 22. Rc7 Rcd8 23. Nd2 Bc2 24. Rc1 Nxd2 25. Qxc2 Ne4 26. Qd3 h6 27. Ra7 Rfe8 28.
Rxa5 Nf6 29. Ra7 d4 30. Rd1 Ne4 31. Qf3 Ng5 32. Qf4 Re4 33. Qc7 Rde8 34. Rb7 Ne6 35. Qxf7+ Kh8 36. Qxe8+ 1-0

[Event "Early-Titled-Tuesday-Blitz-July-09-2024"]
[Site "Chess.com"]
[Date "2024.07.09"]
[Round "8"]
[White "Gryffindorac8"]
[Black "Witik"]
[Result "0-1"]
[WhiteElo "2494"]
[BlackElo "2668"]
[TimeControl "180+1"]
[EndTime "9:29:17 PDT"]
[Termination "Witik won on time"]

1. d4 Nf6 2. c4 e6 3. Nf3 Bb4+ 4. Bd2 Qe7 5. g3 Nc6 6. Nc3 O-O 7. Bg2 Bxc3 8.
Bxc3 Ne4 9. Qc2 Nxc3 10. Qxc3 d6 11. O-O e5 12. d5 Nd8 13. c5 f5 14. Rac1 Bd7 15.
Nd2 Nf7 16. Qb4 Rab8 17. cxd6 Qxd6 18. Qc3 Bb5 19. Rfe1 e4 20. Qxc7 Qxd5 21. Nf1 Qxa2 22. Ne3 Qe6 23. Qf4 Ne5 24. Rc5 Ng6 25. Qg5 Bd7 26. Bh3 h6 27. Qh5 Ne7 28. Rd1 Rbc8 29.
Rxc8 Bxc8 30. Ng2 g5 31. g4 fxg4 0-1

[Event "Early-Titled-Tuesday-Blitz-July-09-2024"]
[Site "Chess.com"]
[Date "2024.07.09"]
[Round "8"]
[White "ShahMatKanal"]
[Black "chipmunknau"]
[Result "0-1"]
[WhiteElo "2562"]
[BlackElo "2712"]
[TimeControl "180+1"]
[EndTime "9:29:19 PDT"]
[Termination "chipmunknau won by resignation"]

1. e4 c6 2. d4 d5 3. exd5 cxd5 4. Bd3 Nc6 5. c3 g6 6. Nf3 Bf5 7. O-O Nf6 8. Re1 Bxd3 9. Qxd3 Bg7 10. Bf4 O-O 11.
Nbd2 Re8 12. Ne5 Rc8 13. Re2 Nh5 14. Qf3 Nxf4 15. Qxf4 Nxe5 16. dxe5 Qb6 17. Nb3 Rc4 18. Nd4 e6 19. h4 Qc7 20. Qg3 a6 21. h5 b5 22. a3 Rb8 23. Rae1 a5 24. Qh3 Qe7 25. hxg6 hxg6 26. Qd3 b4 27. cxb4 axb4 28. a4 Qa7 29. Nb5 Qxa4 30. Nd6 Rc7 31. b3 Qc6 32. Qf3 Bxe5 33.
Nxf7 Rxf7 34. Qg4 Bg7 35. Rxe6 Qc2 36. Qg3 Rbf8 37. R1e2 Qb1+ 38. Re1 Qf5 39. R1e2 Bf6 40. R2e3 Rc8 41. Re8+ Rxe8 42. Rxe8+ Kg7 43. Qh2 Qb1+ 0-1

[Event "Early-Titled-Tuesday-Blitz-July-09-2024"]
[Site "Chess.com"]
[Date "2024.07.09"]
[Round "8"]
[White "IC3S2"]
[Black "BashirovKemal"]
[Result "0-1"]
[WhiteElo "2541"]
[BlackElo "2680"]
[TimeControl "180+1"]
[EndTime "9:29:19 PDT"]
[Termination "BashirovKemal won by checkmate"]

1. e4 e5 2. Nf3 Nf6 3. Nxe5 d6 4. Nf3 Nxe4 5. Nc3 Nf6 6. d4 d5 7. Bg5 Be7 8. Bd3 O-O 9. O-O c6 10. Re1 Bg4 11. h3 Bh5 12. g4 Bg6 13. Bxg6 hxg6 14.
Ne5 Nbd7 15. Qf3 Nxe5 16. dxe5 Nd7 17. Bf4 Nc5 18. Rad1 Ne6 19. Bg3 Qb6 20. b3 Rad8 21. Kh2 Bb4 22. Rh1 Qc5 23. Nb1 Ng5 24. Qe2 Ne4 25.
a3 Bxa3 26. Nxa3 Qxa3 27. Bf4 g5 28. Bc1 Qe7 29. Bb2 a5 30. f3 Nc5 31. Ba3 b5 32.
Kg2 b4 33. Bc1 Ne6 34. Qa6 Qc5 35. Qd3 Rfe8 36. h4 Nf4+ 37. Bxf4 gxf4 38. Rhe1 Ra8 39. h5 a4 40. bxa4 Rxa4 41. Re2 Ra2 42. g5 d4 43. Qe4 b3 44. cxb3 Rxe2+ 45. Qxe2 Rxe5 46.
Qd3 Rxg5+ 47. Kf2 Rxh5 48. Qxd4 Rh2+ 49. Kg1 Qh5 50. Qd8+ Kh7 51. Qd3+ g6 52. Re1 Rh1+ 53. Kf2 Qh2# 0-1

[Event "Early-Titled-Tuesday-Blitz-July-09-2024"]
[Site "Chess.com"]
[Date "2024.07.09"]
[Round "8"]
[White "Antek_Radzimski"]
[Black "ArmanGhevondyanchess"]
[Result "0-1"]
[WhiteElo "2578"]
[BlackElo "2750"]
[TimeControl "180+1"]
[EndTime "9:29:23 PDT"]
[Termination "ArmanGhevondyanchess won by resignation"]

1. e4 c5 2. Nf3 Nc6 3. d4 cxd4 4. Nxd4 g6 5. c4 Bg7 6. Be3 Nf6 7. Nc3 O-O 8. Be2 d6 9. O-O Nxd4 10. Bxd4 a5 11.
b3 Bd7 12. Nd5 Nxd5 13. Bxg7 Ne3 14. Qd4 Nc2 15. Qb2 Nxa1 16. Bxf8 Qxf8 17. Rxa1 Qg7 18.
Qxg7+ Kxg7 19. Rd1 Bc6 20. f3 Rb8 21. a4 Kf6 22.
Kf2 g5 23. Ke3 h5 24. h4 gxh4 25. Rh1 Rg8 26. Bf1 Kg5 27. Rh3 Bd7 28. f4+ Kh6 29. Rxh4 Rg3+ 30. Kd4 Bg4 31. Bd3 e5+ 32. fxe5 dxe5+ 33. Kc3 Be2 34. Rh3 Rxg2 35. Bxe2 Rxe2 36. Rf3 h4 37.
Rxf7 h3 38. Rf3 h2 39. Rh3+ Kg5 40. Kd3 Rb2 41. Kc3 Rg2 42. c5 Kg4 43. Rh8 Rg3+ 44. Kc4 Rh3 45. Rg8+ Kf3 46. Rf8+ Ke2 0-1

[Event "Early-Titled-Tuesday-Blitz-July-09-2024"]
[Site "Chess.com"]
[Date "2024.07.09"]
[Round "8"]
[White "Jakhongir-Vakhidov"]
[Black "FXDon77"]
[Result "1-0"]
[WhiteElo "3033"]
[BlackElo "2880"]
[TimeControl "180+1"]
[EndTime "9:29:24 PDT"]
[Termination "Jakhongir-Vakhidov won on time"]

1. c4 Nf6 2. Nc3 e6 3. e4 c5 4. e5 Ng8 5. d4 cxd4 6. Qxd4 Nc6 7.
Qf4 d6 8. Nf3 Nh6 9. Bd2 Be7 10.
O-O-O O-O 11. Qe4 Nf5 12. g4 Nh4 13. Nxh4 Bxh4 14. Bf4 d5 15. cxd5 exd5 16. Rxd5 Qe7 17. Bd3 g6 18. Rd6 Be6 19. Bb5 Rac8 20. Be3 Nxe5 21.
Qxe5 Bf6 22. Qf4 Bxc3 23. bxc3 Rxc3+ 24. Kb2 Rfc8 25. Ba4 Qc7 26. Rxe6 Rc2+ 27. Kb1 1-0

[Event "Early-Titled-Tuesday-Blitz-July-09-2024"]
[Site "Chess.com"]
[Date "2024.07.09"]
[Round "8"]
[White "ImportedItalianMaple"]
[Black "GeorgiosSouleidis"]
[Result "0-1"]
[WhiteElo "2473"]
[BlackElo "2653"]
[TimeControl "180+1"]
[EndTime "9:29:24 PDT"]
[Termination "GeorgiosSouleidis won on time"]

1. d4 Nf6 2. Bg5 d5 3. Bxf6 gxf6 4. e3 c5 5. dxc5 Qa5+ 6. Nc3 e6 7. Bb5+ Bd7 8. Bxd7+ Nxd7 9. Nf3 Bxc5 10. O-O Qc7 11. e4 dxe4 12. Nxe4 Be7 13. Qd4 O-O 14. Rad1 Rfd8 15. c3 Ne5 16. Qe3 Nxf3+ 17. Qxf3 f5 18.
Ng3 Rac8 19. Nh5 b6 20. Qe3 f4 21. Qf3 Qe5 22. Nxf4 Qf6 23. Qg4+ Kh8 24. Nh5 Qg6 25.
Qf3 Bc5 26. Nf4 Qf5 27. Nd3 Qxf3 28. gxf3 Bd6 29. Kg2 Rg8+ 30. Kh3 Rg6 31. f4 Rcg8 0-1

[Event "Early-Titled-Tuesday-Blitz-July-09-2024"]
[Site "Chess.com"]
[Date "2024.07.09"]
[Round "8"]
[White "FerAsensio2024"]
[Black "jasrom"]
[Result "0-1"]
[WhiteElo "2517"]
[BlackElo "2367"]
[TimeControl "180+1"]
[EndTime "9:29:24 PDT"]
[Termination "jasrom won by checkmate"]

1. d4 d5 2. Nc3 e6 3. Bf4 Bd6 4. Bg3 Nf6 5. e3 O-O 6. Nf3 Bb4 7. Bd3 c5 8. dxc5 Nbd7 9. Bd6 Re8 10. O-O e5 11. Nb5 Bxc5 12. Ng5 h6 13. Nh3 a6 14. Nc7 Bxd6 15. Nxa8 Nc5 16. b4 Nxd3 17. cxd3 Be6 18.
b5 Qxa8 19. Qb3 Qc8 20. Rfc1 Qd7 21. bxa6 bxa6 22. d4 e4 23. Kf1 Bxh3 24. gxh3 Qxh3+ 25. Ke1 Qxh2 26. Qa4 Qh1+ 27. Kd2 Qf3 28. Rf1 Rb8 29.
Rab1 Rxb1 30. Rxb1 Qxf2+ 31. Kd1 Ng4 32. Qe8+ Kh7 33. Rb3 Bb4 34. Qc6 Qd2# 0-1

[Event "Early-Titled-Tuesday-Blitz-July-09-2024"]
[Site "Chess.com"]
[Date "2024.07.09"]
[Round "8"]
[White "ManMish2"]
[Black "temus_galaktionov"]
[Result "0-1"]
[WhiteElo "2606"]
[BlackElo "2839"]
[TimeControl "180+1"]
[EndTime "9:29:25 PDT"]
[Termination "temus_galaktionov won by checkmate"]

1. e4 c6 2. d4 d5 3. Nc3 dxe4 4. Nxe4 Nf6 5. Nxf6+ exf6 6. c3 Bd6 7. Bd3 O-O 8. Qc2 Re8+ 9. Ne2 h5 10. O-O h4 11.
h3 Nd7 12. Bd2 Nf8 13. Rae1 Qc7 14. c4 c5 15. dxc5 Bxc5 16. b4 Be7 17. Nf4 Be6 18. c5 Red8 19. Nxe6 Nxe6 20. Bc4 Nd4 21. Qg6 Bf8 22. Re4 Ne6 23. Rxe6 fxg6 24. Re7+ Kh7 25.
Rxc7 Rxd2 26. Rxb7 a5 27. a3 axb4 28. axb4 Ra4 29.
Bb3 Ra3 30. Be6 Rc3 31. Rb8 Be7 32. Re1 Bd8 33. Bf7 Bc7 34. Rc8 Be5 35. Kf1 Rcc2 36.
Bg8+ Kh6 37. Bd5 Rxd5 38. f4 Bxf4 39. Re4 Rd1+ 40. Re1 Rdd2 41. c6 Rf2+ 42. Kg1 Rxg2+ 43. Kh1 Rh2+ 44. Kg1 Bg3 45. Rd1 Bf4 46. b5 Be3+ 47. Kf1 Rh1# 0-1

[Event "Early-Titled-Tuesday-Blitz-July-09-2024"]
[Site "Chess.com"]
[Date "2024.07.09"]
[Round "8"]
[White "JunjiCol"]
[Black "CristhianPortalR"]
[Result "1-0"]
[WhiteElo "2373"]
[BlackElo "2498"]
[TimeControl "180+1"]
[EndTime "9:29:26 PDT"]
[Termination "JunjiCol won on time"]

1. e4 c5 2. Nf3 d6 3. Bb5+ Nd7 4. a4 Nf6 5. Nc3 g6 6. O-O Bg7 7. d4 cxd4 8. Qxd4 O-O 9. Bg5 Nc5 10. e5 Ne6 11. Qe3 Ng4 12. Qe2 Nxg5 13. Nxg5 Nxe5 14. Rad1 e6 15. Nge4 d5 16. Ng3 Nc6 17. Rfe1 Nd4 18.
Qd3 Nxb5 19. Nxb5 Bd7 20. c4 a6 21. Nc3 d4 22. Nce2 e5 23. b3 f5 24. Qd2 f4 25. Ne4 Bc6 26. Nc1 Qd7 27. Nd3 f3 28.
Qg5 fxg2 29. Nxe5 Qh3 30. Rd3 Qf5 31. Qxf5 gxf5 32. Ng3 Rae8 33. f4 Bh6 34. Nh5 Be4 35.
Rxd4 Bxf4 36. Nxf4 Rxe5 37. Rd7 1-0

[Event "Early-Titled-Tuesday-Blitz-July-09-2024"]
[Site "Chess.com"]
[Date "2024.07.09"]
[Round "8"]
[White "Bulatova_Kamaliya"]
[Black "lu1860"]
[Result "0-1"]
[WhiteElo "2278"]
[BlackElo "2075"]
[TimeControl "180+1"]
[EndTime "9:29:26 PDT"]
[Termination "lu1860 won by checkmate"]

1. d4 d5 2. Bf4 Nf6 3. e3 c5 4.
c3 Nc6 5. Nd2 g6 6. Ngf3 Bg7 7.
Bb5 Qb6 8. Qe2 O-O 9. O-O Nd7 10. a4 a6 11. Bxc6 Qxc6 12. e4 dxe4 13. Nxe4 cxd4 14. cxd4 b6 15. Rac1 Qd5 16. Nc3 Qf5 17. Bg3 Bb7 18. Qxe7 Bxf3 19. gxf3 Rfe8 20. Qd6 Rad8 21. Kg2 Ne5 22.
Qxb6 Qxf3+ 23. Kg1 Nd3 24. Rcd1 Bxd4 25. Qxa6 Nxf2 26.
Bxf2 Bxf2+ 27. Rxf2 Rxd1+ 28. Nxd1 Qxd1+ 29. Rf1 Qg4+ 30. Kh1 Re2 31. Qa8+ Kg7 32. Qd5 f5 33. Qd7+ Kh6 34.
Qc7 Qg2# 0-1

[Event "Early-Titled-Tuesday-Blitz-July-09-2024"]
[Site "Chess.com"]
[Date "2024.07.09"]
[Round "8"]
[White "Msb2"]
[Black "KhBegmuratov"]
[Result "0-1"]
[WhiteElo "3100"]
[BlackElo "2942"]
[TimeControl "180+1"]
[EndTime "9:29:27 PDT"]
[Termination "KhBegmuratov won by checkmate"]

1. d4 d5 2. c4 e6 3. Nc3 a6 4. e4 dxe4 5. Nxe4 Bb4+ 6. Nc3 Nf6 7. a3 Bxc3+ 8. bxc3 c5 9. Nf3 Nc6 10. Be2 O-O 11. O-O h6 12. Be3 cxd4 13. cxd4 Ne7 14. Bd3 b5 15. cxb5 axb5 16. Bxb5 Ba6 17. a4 Bxb5 18.
axb5 Ned5 19. Qb3 Ne4 20. Ne5 Qc7 21. Nc6 Rxa1 22. Rxa1 Qb7 23. Ra7 Ra8 24. Rxa8+ Qxa8 25. h3 Nd6 26. Bxh6 Qa1+ 27. Kh2 Nc3 28. Be3 Ne2 29. f3 Qe1 30. Qb4 Qg3+ 31. Kh1 Nc4 32. Bg1 Nf4 33.
Ne7+ Kh8 34. Ng6+ fxg6 35. Qf8+ Kh7 36. Qxf4 Qxf4 37. d5 exd5 38. b6 Qb8 39. Bh2 Qxb6 40. Bg1 d4 41. Kh2 Qd6+ 42. g3 d3 43. Be3 Nxe3 44.
h4 Qc5 45. Kh3 Qf5+ 46. g4 Qxf3+ 47. Kh2 Qg2# 0-1

[Event "Early-Titled-Tuesday-Blitz-July-09-2024"]
[Site "Chess.com"]
[Date "2024.07.09"]
[Round "8"]
[White "WindWhistler11"]
[Black "nitpicker"]
[Result "0-1"]
[WhiteElo "2459"]
[BlackElo "2321"]
[TimeControl "180+1"]
[EndTime "9:29:27 PDT"]
[Termination "nitpicker won on time"]

1. Nf3 Nf6 2. g3 d5 3. Bg2 e6 4. c4 Be7 5. b3 O-O 6. Bb2 c6 7. e3 Nbd7 8. Qe2 b6 9. O-O Bb7 10. Rd1 a5 11. d3 Qc7 12. cxd5 cxd5 13. Nc3 Ba6 14. Nd4 Rac8 15. Ncb5 Qb8 16. Rac1 Bb7 17. f4 Nc5 18. g4 Rfe8 19. g5 Nfd7 20. h4 g6 21. h5 Bf8 22. hxg6 hxg6 23. Bh3 e5 24. fxe5 Qxe5 25. Nf5 Qb8 26. Qg2 gxf5 27. g6 f6 28. g7 Bxg7 29. Bxf5 Rxe3 30. Kh1 Qf4 31.
Bxd7 Nxd7 32. Rxc8+ Bxc8 33. Rg1 Qh4+ 34. Qh2 Rh3 35. Rg2 Qe1+ 0-1

[Event "Early-Titled-Tuesday-Blitz-July-09-2024"]
[Site "Chess.com"]
[Date "2024.07.09"]
[Round "8"]
[White "ccccvhhhj"]
[Black "nicolochessit"]
[Result "0-1"]
[WhiteElo "2502"]
[BlackElo "2396"]
[TimeControl "180+1"]
[EndTime "9:29:29 PDT"]
[Termination "nicolochessit won on time"]

1. e4 g6 2. d4 Bg7 3. Nc3 c6 4. Be3 d5 5. f3 b5 6. Qd2 b4 7. Nce2 a5 8. g4 dxe4 9. fxe4 Bxg4 10. O-O-O Nf6 11. Bg2 Na6 12. Bh6 Bxh6 13. Qxh6 a4 14. d5 b3 15. cxb3 axb3 16. a3 cxd5 17. Kb1 Rc8 18.
e5 Qc7 19. Nc3 Qxe5 20. Nf3 Bxf3 21. Bxf3 Qf5+ 22. Ka1 Qxf3 23. Rhf1 Qh5 24. Qe3 O-O 25. Qxe7 Rc6 26. Rxf6 Rxc3 27. Rff1 Rc2 28. Qd6 Nc5 29. Rxd5 Qe2 30. Rb1 Na4 0-1